 Dungeon Crawl Stone Soup version 0.32-a0-571-gec57dfcd37 (webtiles) character file.

Game seed: 17596253465091798436

1562394 Malificent the Slayer (level 27, 172/182 HPs)
             Began as a Demonspawn Wanderer on Feb 27, 2024.
             Was a High Priest of Okawaru.
             Escaped with the Orb
             ... and 3 runes on Feb 29, 2024!
             The game lasted 08:14:26 (87089 turns).

Malificent the Slayer (Demonspawn Wanderer)        Turns: 87089, Time: 08:14:26

Health: 172/182    AC: 33    Str: 27      XL:     27
Magic:  37/37      EV: 17    Int:  7 (13) God:    Okawaru [*****.]
Gold:   5621       SH: 40    Dex: 19 (20) Spells: 35/46 levels left

rFire   + + +        K - +7 broad axe of Zoefacaah {flame, rN+ SInv}
rCold   + + +        X - +8 tower shield {AC+3}
rNeg    + + +        g - quicksilver dragon scales
rPois   +            w - +2 helmet of the Shining Light {rPois rC+ rN++ Str-2}
rElec   +            (no cloak)
rCorr   .            P - +2 pair of gloves {Dex+3}
SInv    +            (boots unavailable)
Will    +++..        S - amulet of reflection
Stlth   +            E - ring of Foeholi {rElec rF+++ Dex+5 Slay-2 SInv}
HPRegen 0.50/turn    a - ring of Wonder {rPois rC++ Str+6 Dex-2 Slay+2}
MPRegen 0.25/turn

%: random rage (3%), reflection
@: glowing, studying 3 skills
A: hooves 3, molten scales 3, icemail 2, spiny 3, black mark, condensation
shield, bedeviling, aura of silence, berserk 1, clumsy 1, deformed body,
deterioration 2, frail 2, screaming 1, subdued magic 1, inability to drink after
injury 1, inability to read after injury 2, persistent drain
0: Orb of Zot
}: 3/15 runes: serpentine, barnacled, silver
a: Renounce Religion, Heroism, Finesse, Duel


You escaped.
You worshipped Okawaru.
Okawaru was extremely pleased with you.
You visited 13 branches of the dungeon, and saw 53 of its levels.
You visited the Abyss 1 time.
You also visited: Bailey, Gauntlet, Ice Cave, Wizlab and Desolation.

You collected 12420 gold pieces.
You spent 6799 gold pieces at shops.

Inventory:

Hand Weapons
 K - the +7 broad axe of Zoefacaah (weapon) {flame, rN+ SInv}
   (You acquired it on level 2 of the Elven Halls)

   rN+:       It protects you from negative energy.
   SInv:      It lets you see invisible.
 T - the +7 lajatang of Order {silver, rMut}
   (Okawaru gifted it to you on level 1 of the Snake Pit)

   rMut:      It protects you from mutation.
 U - a +9 broad axe of freezing
 Y - a +9 demon trident of freezing
Missiles
 c - 8 javelins
 u - 28 silver javelins (quivered)
 Q - 18 curare-tipped darts
 W - 35 atropa-tipped darts
Armour
 g - quicksilver dragon scales (worn)
 k - the +2 cloak of Joifeog {+Blink rPois rCorr}
   (You found it on level 3 of the Realm of Zot)

   rPois:     It protects you from poison +Blink: It lets you blink.
   rCorr:     It protects you from acid and corrosion.
 r - the +2 cloak of Wuemaem {Rampage rCorr Int+4}
   (Okawaru gifted it to you on level 1 of the Snake Pit)

   Int+4:     It affects your intelligence (+4).
   rCorr:     It protects you from acid and corrosion.
   Rampage:   It bestows one free step when moving towards enemies.
 w - the +2 helmet of the Shining Light (worn) {rPois rC+ rN++ Str-2}
   (You found it in a Gauntlet)

   Str-2:     It affects your strength (-2).
   rC+:       It protects you from cold.
   rPois:     It protects you from poison rN++: It greatly protects you from
   negative energy.
 P - a +2 pair of gloves of dexterity (worn)
 X - a +8 tower shield of protection (worn)
Jewellery
 a - the ring of Wonder (right hand) {rPois rC++ Str+6 Dex-2 Slay+2}
   (You bought it in a shop on level 2 of the Orcish Mines)

   [ring of strength]

   Str+6:     It affects your strength (+6).
   Dex-2:     It affects your dexterity (-2).
   Slay+2:    It affects your accuracy & damage with ranged weapons and melee
   (+2).
   rC++:      It greatly protects you from cold.
   rPois:     It protects you from poison
 E - the ring of Foeholi (left hand) {rElec rF+++ Dex+5 Slay-2 SInv}
   (You found it in a Gauntlet)

   [ring of see invisible]

   Dex+5:     It affects your dexterity (+5).
   Slay-2:    It affects your accuracy & damage with ranged weapons and melee
   (-2).
   rF+++:     It renders you almost immune to fire.
   rElec:     It insulates you from electricity.
   SInv:      It lets you see invisible.
 S - an amulet of reflection (around neck)
Wands
 b - a wand of flame (67)
 d - a wand of digging (15)
 n - a wand of paralysis (46)
 v - a wand of polymorph (22)
 F - a wand of mindburst (22)
 R - a wand of roots (33)
 Z - a wand of acid (9)
Scrolls
 s - 3 scrolls of vulnerability
 t - 7 scrolls of fear
 z - a scroll of amnesia
 B - 3 scrolls of revelation
 C - 3 scrolls of fog
 G - 15 scrolls of teleportation
 L - a scroll of silence
Potions
 e - 2 potions of berserk rage
 h - a potion of heal wounds
 i - 2 potions of invisibility
 l - 2 potions of enlightenment
 m - a potion of attraction
 o - 4 potions of might
 p - 9 potions of resistance
 q - 3 potions of ambrosia
 x - 8 potions of curing
 D - a potion of brilliance
Miscellaneous
 f - a lightning rod (4/4)
 H - a phial of floods


   Skills:
 * Level 21.1 Fighting
 - Level 3.0(5.3) Short Blades
 - Level 6.8(7.1) Long Blades
 - Level 17.6(18.0) Axes
 - Level 1.0(14.1) Maces & Flails
 - Level 5.6(15.1) Polearms
 * Level 13.1(13.6) Staves
 - Level 8.8 Throwing
 * Level 16.2 Armour
 + Level 10.7 Dodging
 + Level 9.5 Stealth
 * Level 21.0 Shields
 - Level 10.2 Spellcasting
 + Level 8.8 Hexes
 - Level 10.3 Summonings
 * Level 14.0 Translocations
 * Level 17.8 Invocations
 * Level 20.8 Evocations


You had 35 spell levels left.
You knew the following spells:

 Your Spells              Type           Power      Damage    Failure   Level
a - Teleport Other        Tloc           17%        N/A       1%          3
b - Manifold Assault      Tloc           17%        N/A       1%          4
c - Cause Fear            Hex            9%         N/A       7%          4

Your spell library contained the following spells:

 Spells                   Type           Power      Damage    Failure   Level
 Apportation              Tloc           34%        N/A       1%          1
 Slow                     Hex            72%        N/A       1%          1
 Jinxbite                 Hex            36%        N/A       1%          2
 Lesser Beckoning         Tloc           34%        N/A       1%          2
 Gell's Gravitas          Tloc           17%        N/A       1%          3
 Sigil of Binding         Hex            18%        N/A       1%          3
 Dimensional Bullseye     Hex/Tloc       11%        N/A       1%          4
 Passage of Golubria      Tloc           17%        N/A       1%          4
 Dazzling Flash           Conj/Hex       22%        N/A       13%         3
 Inner Flame              Hex/Fire       11%        N/A       13%         3
 Dispersal                Tloc           8%         N/A       13%         6
 Iskenderun's Mystic Bla  Conj/Tloc      10%        2d4       16%         4
 Vhi's Electric Charge    Tloc/Air       20%        N/A       16%         4
 Foxfire                  Conj/Fire      8%         2x1d4     28%         1
 Freeze                   Ice            8%         1d3       28%         1
 Magic Dart               Conj           8%         1d3       28%         1
 Necrotise                Necr           8%         1d4       28%         1
 Shock                    Conj/Air       8%         1d3       28%         1
 Sting                    Conj/Alch      8%         1d3       28%         1
 Cigotuvi's Dreadful Rot  Necr/Alch/Air  4%         N/A       38%         2
 Mercury Vapours          Alch/Air       4%         N/A       38%         2
 Searing Ray              Conj           4%         2d4       38%         2
 Static Discharge         Conj/Air       4%         3-4/arc   38%         2
 Sublimation of Blood     Necr           2%         N/A       38%         2
 Anguish                  Hex/Necr       5%         N/A       41%         4
 Frozen Ramparts          Ice            4%         1d1       63%         3
 Hailstorm                Conj/Ice       2%         3d5       63%         3
 Mephitic Cloud           Conj/Alch/Air  2%         N/A       63%         3
 Ozocubu's Armour         Ice            2%         N/A       63%         3
 Swiftness                Air            2%         N/A       63%         3
 Metabolic Englaciation   Hex/Ice        5%         N/A       78%         5
 Silence                  Hex/Air        5%         N/A       78%         5
 Yara's Violent Unravell  Hex/Alch       5%         3d4       78%         5
 Airstrike                Air            1%         2d(1-17)  96%         4
 Dispel Undead            Necr           2%         3d7       96%         4
 Flame Wave               Conj/Fire      2%         2d4       96%         4
 Fulminant Prism          Conj/Alch      1%         3d5       96%         4
 Ignite Poison            Fire/Alch      2%         N/A       96%         4
 Leda's Liquefaction      Alch/Erth      1%         N/A       96%         4
 Olgreb's Toxic Radiance  Alch           2%         N/A       96%         4
 Petrify                  Alch/Erth      2%         N/A       96%         4
 Sticky Flame             Fire/Alch      2%         2d4       96%         4
 Disjunction              Tloc           8%         N/A       99%         8
 Alistair's Intoxication  Alch           1%         N/A       100%        5
 Borgnjor's Vile Clutch   Necr/Erth      1%         N/A       100%        5
 Freezing Cloud           Conj/Ice/Air   1%         6-21      100%        5
 Irradiate                Conj/Alch      1%         3d12      100%        5
 Iskenderun's Battlesphe  Conj           2%         2d6       100%        5
 Lee's Rapid Deconstruct  Erth           1%         3d4*      100%        5
 Bombard                  Conj/Erth      1%         9d1       100%        6
 Conjure Ball Lightning   Conj/Air       1%         3x3d6     100%        6
 Eringya's Noxious Bog    Alch           1%         4d6       100%        6
 Plasma Beam              Fire/Air       1%         2x1d11    100%        6
 Enfeeble                 Hex            9%         N/A       100%        7
 Ozocubu's Refrigeration  Ice            1%         4d7       100%        7
 Borgnjor's Revivificati  Necr           1%         N/A       100%        8
 Discord                  Hex            9%         N/A       100%        8
 Ignition                 Fire           1%         3d3       100%        8
 Lehudib's Crystal Spear  Conj/Erth      1%         10d2      100%        8
 Chain Lightning          Conj/Air       1%         3d1       100%        9
 Death's Door             Necr           1%         N/A       100%        9
 Fire Storm               Conj/Fire      1%         7d1       100%        9
 Polar Vortex             Ice            1%         N/A       100%        9
 Shatter                  Erth           1%         3d5*      100%        9
 Summon Small Mammal      Summ           Unusable   N/A       N/A         1
 Call Imp                 Summ           Unusable   N/A       N/A         2
 Call Canine Familiar     Summ           Unusable   N/A       N/A         3
 Tukima's Dance           Hex            Unusable   N/A       N/A         3
 Martyr's Knell           Necr/Summ      Unusable   N/A       N/A         4
 Summon Lightning Spire   Summ/Air       Unusable   N/A       N/A         4
 Malign Gateway           Summ/Tloc      Unusable   N/A       N/A         7
 Summon Hydra             Summ           Unusable   N/A       N/A         7
 Death Channel            Necr           Unusable   N/A       N/A         6
 Sculpt Simulacrum        Ice/Alch       Unusable   N/A       N/A         6
 Haunt                    Necr/Summ      Unusable   N/A       N/A         7
 Spellforged Servitor     Conj/Summ      Unusable   N/A       N/A         7

Dungeon Overview and Level Annotations

Branches:
Dungeon (15/15)            Temple (1/1) D:6            Lair (5/5) D:11
 Shoals (4/4) Lair:2        Snake (4/4) Lair:2        Slime (0/5) Lair:5
    Orc (2/2) D:9             Elf (3/3) Orc:2        Vaults (5/5) D:14
  Crypt (3/3) Vaults:2       Tomb (1/3) Crypt:3      Depths (4/4) D:15
   Hell (visited)             Dis (0/7) Hell            Geh (0/7) Hell
    Coc (0/7) Hell            Tar (0/7) Hell            Zot (5/5) Depths:4
 Bailey (visited)           IceCv (visited)          WizLab (visited)
Desolation (visited)      Gauntlet (visited)

Altars:
Ashenzari
Cheibriados
Dithmenos
Fedhas
Gozag
Hepliaklqana
Kikubaaqudgha
Makhleb
Nemelex Xobeh
Okawaru
Qazlal
Ru
Sif Muna
Trog
Uskayaw
Vehumet
Wu Jian
Xom
Yredelemnul
Beogh
Jiyva

Shops:
D:8 *   D:14 *?(?(   Orc:2 !**[[=!([   Elf:2 (   Elf:3 (=(*   Snake:4 *
Vaults:2 ([   Vaults:3 :   Vaults:5 =?=:!!*!   Depths:1 =

Portals:
Hell: Lair:5 Depths:1 Depths:2 Depths:3 Depths:4
Abyss: Depths:2 Depths:3
Pandemonium: Depths:2
Ziggurat: Depths:3

Annotations:
Shoals:2 3 runed translucent doors
Snake:2 Roxanne
Depths:1 exclusion: orange crystal statue


Innate Abilities, Weirdness & Mutations

You have hooves in place of feet.
You are completely covered in molten scales. (AC +4, rF+)
A meltable icy envelope protects you from harm. (AC +8)
You are completely covered in sharp spines.
Your melee attacks may debilitate your foes.
A meltable shield of frost defends you. (SH +4)
Your hexes are more powerful.
You are surrounded by an aura of silence.
You sometimes lose your temper in combat.
You are clumsy. (Dex -2)
Armour fits poorly on your strangely shaped body.
Your body often deteriorates upon taking damage.
You are very frail. (-20% HP)
You occasionally shout uncontrollably at your foes.
Your spells are a little easier to cast, but a little less powerful.
You occasionally lose the ability to drink potions when taking damage.
You sometimes lose the ability to read scrolls when taking damage.
Your health recovers twice as slowly from being drained.


Message History

You kill the reaper!
Okawaru accepts your kill.
Your Shields skill increases to level 21!
You see here a +0 scythe of venom.
x - 8 potions of curing (gained 1)
Found a serpent talisman.
G - 15 scrolls of teleportation (gained 1)
Found a stone staircase leading up.
You hear a grinding noise.
A cacodemon comes into view. 2 orange demons come into view.
You yell at the orange demon!
The orange demon screeches! x2
The cacodemon gestures at you. The bolt of devastation misses you.
There is a stone staircase leading up here.
You block the orange demon's attack.
Some rock shatters into small pieces.
You climb upwards.
There is a stone staircase leading down here.
Aiming: Dig
Press: ? - help, Shift-Dir - straight line A rock wall.
This square is shrouded in silence and is covered in magical glow.
The rock shatters into small pieces.
Aiming: Dig
Press: ? - help, Shift-Dir - straight line A rock wall.
This square is shrouded in silence and is covered in magical glow.
The rock shatters into small pieces.
A daeva comes into view.
It is wielding a +5 scimitar of holy wrath.
The daeva shouts!
Aiming: Dig
Press: ? - help, Shift-Dir - straight line You can't see that place. [a rock wall.]
The rock shatters into small pieces.
The daeva calls down the wrath of the Shining One upon you.
The Shining One smites you!
There is a staircase leading out of the dungeon here.
You have escaped!

####.##.##.##.#.#..# ##....
#.##.......#.#.## ##... ####
###.######.#.....# ##....
...###...####...##...## #.....
##............#.##..########.#...
#####.........A#................
##.÷...#..........#.########.#...
...###.#..#####.##### #.# #..#...
#### #...######.@ß#####.###.##...
#.#####.........##.##..##...
#####.####ß.........ß#.#..######
##..>...#.#...ß...ß...#...## #
#.........#ß.........ß#..## #
..........##.........##..########
........................##.......
.............#....###...#..######
.........).######.....##..#......


You could see a daeva.

Vanquished Creatures
  Frederick (Arena)
  10 dread liches
  4 orbs of fire
  3 ancient liches
  Mara (D:15)
  Mennas (Vaults:2)
  5 juggernauts
  Sojobo (Crypt:3)
  3 curse toes
  5 Killer Klowns
  Saint Roka (Snake:3)
  Vashnia (Snake:4)
  6 caustic shrikes
  Geryon (Hell)
  Norris (Vaults:2)
  the Enchantress (Depths:3)
  11 golden dragons
  2 bone dragons
  A Brimstone Fiend (Zot:5)
  7 electric golems
  A Hell Sentinel (Depths:4)
  4 liches
  15 tentacled monstrosities
  7 titans
  8 quicksilver dragons
  28 Orb Guardians
  2 walking divine tomes (Depths:3)
  5 deep elf blademasters
  2 deep elf master archers (Elf:3)
  Gastronok (Lair:3)
  8 sphinxes
  A tentacled starspawn (Abyss:3)
  A kraken (Shoals:3)
  4 ancient champions
  12 tengu reavers
  7 death cobs
  21 storm dragons
  Aizul (Arena)
  14 shadow dragons
  The ghost of Fymemafa the Sorcerer, an adept DEHW of Vehumet (Elf:3)
  10 fire giants
  A revenant (Crypt:2)
  A draconian monk (Zot:1)
  An azure jelly (Shoals:3)
  7 deep elf sorcerers (Elf:3)
  4 draconian knights
  3 draconian shifters
  8 frost giants
  3 nagarajas (Snake:4)
  4 ghost moths
  2 protean progenitors (Zot:3)
  2 iron dragons (Hell)
  5 draconian scorchers
  20 vault wardens
  An imperial myrmidon (Desolation)
  2 deep elf elementalists (Elf:3)
  3 balrugs
  An angel (Vaults:4)
  4 curse skulls
  2 draconian stormcallers
  4 ghouls (Crypt:1)
  4 orc warlords
  Louise (Elf:3)
  4 draconian annihilators
  5 formless jellyfish
  2 reapers
  9 spriggan defenders
  22 very ugly things
  A juggernaut skeleton (Crypt:3)
  16 ironbound preservers
  27 stone giants
  11 ironbound thunderhulks
  4 deep elf demonologists (Elf:3)
  7 vampire knights
  11 green draconians
  12 deep elf death magi
  6 yellow draconians
  9 deep elf annihilators
  5 white draconians
  13 black draconians
  15 red draconians
  A dire elephant (Vaults:1)
  A minotaur (Gauntlet)
  9 spark wasps
  7 war gargoyles
  11 purple draconians
  14 merfolk impalers
  2 eidola (Vaults:1)
  3 green deaths
  3 blizzard demons
  An iron golem (Hell)
  16 ettins
  2 crystal guardians (Desolation)
  Josephine (D:10)
  2 entropy weavers
  A quicksilver dragon zombie (Hell)
  6 merfolk javelineers
  6 deep elf high priests
  5 ragged hierophants
  35 vault guards
  5 jiangshi
  11 fire dragons
  11 yaktaur captains
  2 spriggan zombies
  10 hydras
  11 ice dragons
  6 rakshasas
  A fenstrider witch zombie (Hell)
  6 great orbs of eyes
  A salamander tyrant (Snake:3)
  5 servants of whispers (Desolation)
  Harold (D:9)
  11 ironbound frosthearts
  5 boulder beetles
  9 peacekeepers
  16 anacondas
  5 spriggan air magi
  2 hell beasts
  An alligator (Shoals:3)
  5 death knights
  3 ogre magi
  A merfolk aquamancer (Shoals:4)
  A spectral tengu (Depths:2)
  3 alligator snapping turtles
  4 merfolk avatars
  15 two-headed ogres
  2 catoblepae
  27 dancing weapons
  4 satyrs
  15 centaur warriors
  9 deep troll earth magi
  3 spriggan skeletons
  5 vampire magi
  6 hell hogs (Hell)
  5 death yaks (Lair:5)
  10 deep troll shamans
  5 tengu warriors
  3 titan zombies
  6 orc high priests
  3 occultists
  13 naga sharpshooters
  5 thrashing horrors
  20 deep elf knights
  5 spriggan berserkers
  2 titan skeletons
  3 soul eaters (Hell)
  10 sun demons
  28 hell knights
  7 shock serpents
  16 naga warriors
  5 salamander mystics
  8 skysharks
  A shadow wraith (Vaults:2)
  A spatial maelstrom (Elf:3)
  A goliath frog (Shoals:3)
  6 sea snakes
  9 iron trolls
  13 mana vipers
  A storm dragon skeleton (Vaults:2)
  Lodul (D:14)
  4 flayed ghosts
  44 skeletal warriors
  6 arcanists
  A mana viper (shapeshifter) (Vaults:5)
  6 phantasmal warriors
  46 deep trolls
  2 death drakes (Depths:2)
  A bog body (Crypt:1)
  6 glowing orange brains
  12 naga ritualists
  11 deep elf archers
  An orange crystal statue (IceCv)
  7 necromancers
  2 spriggan simulacra
  23 harpies
  6 lindwurms
  3 steelbarb worms (Zot:3)
  17 orc knights
  A lightning spire (Zot:1)
  2 iron giant zombies (Crypt:1)
  30 deep elf zephyrmancers
  4 thermic dynamos
  3 large abominations (Abyss:3)
  25 ugly things
  A shadow dragon skeleton (Hell)
  23 ironbound convokers
  A stone giant zombie (Vaults:2)
  24 deep elf pyromancers
  9 cyclopes
  4 orc sorcerers
  A tengu skeleton (Vaults:2)
  22 fauns
  17 manticores
  14 salamanders
  2 centaur zombies
  23 moths of wrath
  A dire elephant zombie (Crypt:3)
  11 vault sentinels
  7 merfolk sirens
  3 centaur skeletons
  Joseph (D:10)
  4 kobold blastminers (Orc:1)
  16 elephants
  12 smoke demons
  A stone giant skeleton (Crypt:3)
  7 water nymphs
  29 black mambas
  7 rust devils
  Jeremiah (D:6)
  12 cane toads
  18 naga magi
  5 gargoyles
  2 orange demons (Lair:5)
  12 guardian serpents
  2 dire elephant skeletons
  A black draconian zombie (Crypt:1)
  Maggie (D:10)
  An alligator snapping turtle zombie (Crypt:2)
  3 tengu conjurers
  An unseen horror (shapeshifter) (Vaults:5)
  A minotaur zombie (Gauntlet)
  26 rime drakes
  7 freezing wraiths
  3 unseen horrors
  A red devil (Lair:5)
  8 komodo dragons
  38 yaktaurs
  A purple draconian skeleton (Crypt:2)
  A tormentor (D:15)
  A hydra zombie (Crypt:2)
  A queen bee (Gauntlet)
  4 ice devils
  A minotaur skeleton (Crypt:2)
  5 trolls
  41 merfolk
  13 polar bears
  9 wind drakes
  55 saltlings
  9 hornets
  18 blink frogs
  A harpy zombie (Hell)
  A tarantella zombie (Crypt:1)
  A harpy skeleton (Crypt:2)
  20 dream sheep
  9 snapping turtles
  3 glass eyes
  A snapping turtle (shapeshifter) (Vaults:5)
  A hydra skeleton (Crypt:2)
  A jumping spider (Vaults:2)
  31 slime creatures
  3 centaur simulacra (D:15)
  67 yaks
  10 spriggans
  6 shadows
  2 ushabtiu (Crypt:3)
  16 water elementals
  A vampire (D:11)
  11 wraiths
  5 basilisks
  A dire elephant simulacrum (Crypt:2)
  7 wyverns
  2 redbacks
  Grum (Lair:1)
  2 black mamba skeletons (Crypt:3)
  11 vampire mosquitoes
  13 wargs
  3 fire elementals
  A steam dragon (D:6)
  45 nagas
  A spatial vortex (Elf:3)
  4 acid dragons
  5 hell hounds (Lair:5)
  18 water moccasins
  A water moccasin (shapeshifter) (D:14)
  A deep troll skeleton (Hell)
  32 orc warriors
  2 naga skeletons (Crypt:3)
  A sky beast (D:7)
  A black bear (shapeshifter) (Elf:3)
  9 black bears
  22 ogres
  A demonspawn skeleton (Crypt:3)
  12 laughing skulls
  A swamp dragon skeleton (Crypt:3)
  13 wolves
  10 centaurs
  3 kobold brigands
  12 bullfrogs
  3 gnoll sergeants
  4 earth elementals
  A komodo dragon skeleton (Crypt:1)
  4 scorpions
  4 wights (D:7)
  12 killer bees
  8 howler monkeys
  6 electric eels
  A wolf skeleton (Crypt:1)
  A hound (D:5)
  A bombardier beetle (D:3)
  30 orc priests
  A gnoll bouda (D:7)
  9 jellies
  Jessica (D:3)
  9 hell rats
  Terence (D:3)
  3 iguanas
  23 orc wizards
  A boggart skeleton (D:15)
  A crocodile skeleton (Crypt:2)
  5 mummies (Crypt:3)
  Robin (D:3)
  16 gnolls
  8 adders
  7 river rats (Lair:2)
  A steam dragon skeleton (Crypt:2)
  3 ufetubi
  A jelly zombie (Crypt:1)
  3 dart slugs
  102 orcs
  4 ball pythons
  3 bats
  An endoplasm (D:1)
  3 giant cockroaches
  19 goblins
  4 hobgoblins
  2 jackals (D:1)
  3 quokkas
  2 frilled lizards
  2 goblin zombies (Crypt:2)
  18 kobolds
  A quokka skeleton (Crypt:1)
  4 rats
  A creeping inferno (Hell)
  A fire vortex (Hell)
  2 tentacles (Shoals:3)
2587 creatures vanquished.

Vanquished Creatures (others)
  A draconian knight (Zot:1)
  2 naga warriors
  2 deep elf knights
  3 deep elf pyromancers
  A manticore (Shoals:4)
  A salamander (Snake:3)
  A tengu conjurer (Depths:3)
  3 nagas
  An orc (Orc:2)
  A rat (D:2)
  2 starspawn tentacles (Abyss:3)
  2 tentacles (Shoals:3)
20 creatures vanquished.

Grand Total: 2607 creatures vanquished

Notes
Turn   | Place    | Note
-------+----------+-------------------------------------------
     0 | D:1      | Malificent the Demonspawn Wanderer began the quest for the
                  | Orb.
     0 | D:1      | Malificent set off with the following items: a +0 war axe,
                  | a +0 short sword, a +0 ring mail, a potion of heal wounds.
     0 | D:1      | Reached XP level 1. HP: 13/13 MP: 1/1
   383 | D:1      | Gained mutation: You are partially covered in sharp spines.
                  | [demonic ancestry]
   383 | D:1      | Reached XP level 2. HP: 14/19 MP: 2/2
   692 | D:2      | You fall into a shaft and drop 1 floor!
   731 | D:3      | Noticed Robin
   737 | D:3      | Noticed Jessica
   748 | D:3      | Killed Robin
   749 | D:3      | Gained mutation: You are mostly covered in sharp spines.
                  | [demonic ancestry]
   749 | D:3      | Reached XP level 3. HP: 22/25 MP: 3/3
   751 | D:3      | Killed Jessica
   752 | D:3      | Reached XP level 4. HP: 26/31 MP: 4/4
   834 | D:3      | Reached skill level 1 in Fighting
   986 | D:3      | Noticed Terence
   995 | D:3      | Killed Terence
  1964 | D:4      | Noticed a black bear
  1965 | D:4      | Reached XP level 5. HP: 34/37 MP: 5/5
  1976 | D:4      | Killed a black bear
  1977 | D:4      | Reached skill level 5 in Axes
  2380 | D:4      | Got Sif Muna's Vademecum on the Iliaster
  2529 | D:4      | Found a burning altar of Makhleb.
  2753 | D:4      | Gained mutation: You are partially covered in molten
                  | scales. (AC +2) [demonic ancestry]
  2753 | D:4      | Reached XP level 6. HP: 33/44 MP: 6/6
  2909 | D:5      | Entered Level 5 of the Dungeon
  3087 | D:5      | Reached skill level 1 in Maces & Flails
  3102 | D:5      | Found a bloodstained altar of Trog.
  3116 | D:5      | Found a shimmering altar of Xom.
  3123 | D:5      | Reached skill level 1 in Evocations
  3198 | D:5      | Found a shadowy altar of Dithmenos.
  3566 | D:5      | Gained mutation: A meltable shield of frost defends you.
                  | (SH +4) [demonic ancestry]
  3566 | D:5      | Reached XP level 7. HP: 50/50 MP: 7/7
  4065 | D:6      | Noticed a steam dragon
  4076 | D:6      | Noticed Jeremiah
  4079 | D:6      | Killed a steam dragon
  4080 | D:6      | Reached XP level 8. HP: 10/57 MP: 8/8
  4664 | D:6      | Killed Jeremiah
  4665 | D:6      | Reached skill level 5 in Armour
  4754 | D:6      | Found a staircase to the Ecumenical Temple.
  4774 | Temple   | Entered the Ecumenical Temple
  4798 | Temple   | Became a worshipper of Warmaster Okawaru
  4998 | D:6      | Reached skill level 1 in Throwing
  5160 | D:7      | Reached skill level 1 in Invocations
  5197 | D:7      | Found a flagged portal.
  5209 | D:7      | Reached * piety under Okawaru
  5210 | D:7      | Reached skill level 1 in Polearms
  5215 | D:7      | Reached XP level 9. HP: 33/64 MP: 10/10
  5309 | Bailey   | Entered a bailey
  5807 | Bailey   | Reached XP level 10. HP: 77/77 MP: 10/15
  6111 | Bailey   | Noticed an orc knight
  6118 | Bailey   | Killed an orc knight
  6119 | Bailey   | Noticed an orc knight
  6122 | Bailey   | Reached skill level 1 in Shields
  6132 | Bailey   | Killed an orc knight
  6132 | Bailey   | Reached ** piety under Okawaru
  6777 | D:7      | Found a stormy altar of Qazlal.
  7126 | D:8      | Got the Incunable of Embers
  7326 | D:8      | Reached *** piety under Okawaru
  7408 | D:8      | Found Husal's Assorted Antiques.
  7416 | D:8      | Bought a scroll labelled LUGUMP UROV for 29 gold pieces
  8349 | D:9      | Noticed a two-headed ogre
  8356 | D:9      | Killed a two-headed ogre
  8357 | D:9      | Gained mutation: You have large cloven feet. [demonic
                  | ancestry]
  8357 | D:9      | Reached XP level 11. HP: 74/83 MP: 17/17
  8537 | D:9      | Found a staircase to the Orcish Mines.
  8551 | D:9      | Noticed Harold
  8559 | D:9      | Killed Harold
  8559 | D:9      | Reached **** piety under Okawaru
  9003 | Orc:1    | Entered Level 1 of the Orcish Mines
  9150 | D:10     | Entered Level 10 of the Dungeon
  9152 | D:10     | Noticed a two-headed ogre
  9162 | D:10     | Killed a two-headed ogre
  9525 | D:10     | Reached skill level 5 in Polearms
  9533 | D:10     | Noticed Josephine
  9543 | D:10     | Killed Josephine
  9544 | D:10     | Noticed Joseph
  9559 | D:10     | Killed Joseph
  9559 | D:10     | Reached ***** piety under Okawaru
  9760 | D:10     | Noticed Maggie
  9771 | D:10     | Killed Maggie
 10363 | D:11     | Received a gift from Okawaru
 10623 | D:11     | Gained mutation: You are mostly covered in molten scales.
                  | (AC +3) [demonic ancestry]
 10623 | D:11     | Reached XP level 12. HP: 91/91 MP: 19/19
 10839 | D:11     | Noticed a boulder beetle
 10859 | D:11     | Noticed a two-headed ogre
 10861 | D:11     | Killed a boulder beetle
 10871 | D:11     | Killed a two-headed ogre
 11159 | D:11     | Found a staircase to the Lair.
 11169 | D:11     | Reached skill level 10 in Invocations
 11438 | D:11     | Identified the +1 pair of boots of the Lute {Will+ MP+9
                  | Int+4 Dex+2}
 11816 | Lair:1   | Entered Level 1 of the Lair of Beasts
 12242 | Lair:1   | Noticed Grum
 12257 | Lair:1   | Killed Grum
 12421 | Lair:1   | Received a gift from Okawaru
 13355 | Lair:2   | Found a staircase to the Shoals.
 13461 | Lair:2   | You fall into a shaft and drop 2 floors!
 13476 | Lair:4   | Received a gift from Okawaru
 13648 | Lair:4   | Reached XP level 13. HP: 80/98 MP: 21/21
 13984 | Lair:3   | Reached ****** piety under Okawaru
 13988 | Lair:3   | Found a gate leading to a gauntlet.
 13997 | Gauntlet | Entered a Gauntlet
 13997 | Gauntlet | Found a transporter.
 13997 | Gauntlet | Found a transporter.
 14074 | Gauntlet | Found a transporter.
 14075 | Gauntlet | Found a transporter.
 14094 | Gauntlet | Found a transporter.
 14106 | Gauntlet | Found a transporter.
 14107 | Gauntlet | Found a transporter.
 14114 | Gauntlet | Found a transporter.
 14128 | Gauntlet | Noticed a green death
 14130 | Gauntlet | Found a transporter.
 14158 | Gauntlet | Found a transporter.
 14162 | Gauntlet | Found a transporter.
 14170 | Gauntlet | Found a transporter.
 14297 | Gauntlet | Identified the +2 hat of Amelioration {Str+3 Dex+3 Slay+4}
 14339 | Gauntlet | Identified the +2 helmet of the Shining Light {rPois rC+
                  | rN++ Str-2}
 14358 | Gauntlet | Killed a green death
 14368 | Gauntlet | Identified the ring of Foeholi {rElec rF+++ Dex+5 Slay-2
                  | SInv}
 14382 | Gauntlet | Noticed a minotaur
 14396 | Gauntlet | Killed a minotaur
 14830 | Lair:3   | Reached skill level 10 in Armour
 14946 | Arena    | Entered the Arena
 14982 | Lair:3   | Received a gift from Okawaru
 15099 | Lair:3   | Noticed Gastronok
 15119 | Lair:3   | Killed Gastronok
 15120 | Lair:3   | Reached skill level 5 in Dodging
 15120 | Lair:3   | Reached skill level 10 in Evocations
 16250 | Lair:2   | Found a staircase to the Snake Pit.
 16520 | Lair:4   | Received a gift from Okawaru
 16659 | Lair:4   | Reached skill level 10 in Axes
 17269 | Lair:5   | Entered Level 5 of the Lair of Beasts
 17288 | Lair:4   | Reached XP level 14. HP: 94/106 MP: 22/22
 17707 | Lair:5   | Received a gift from Okawaru
 18219 | Lair:5   | Received a gift from Okawaru
 18347 | Lair:5   | Found a burning altar of Makhleb.
 18365 | Lair:5   | Reached skill level 5 in Shields
 18625 | Lair:5   | Found a gateway to Hell.
 19182 | Lair:5   | Received a gift from Okawaru
 19196 | Lair:5   | Found a viscous altar of Jiyva.
 19197 | Lair:5   | Found a staircase to the Slime Pits.
 19559 | Orc:1    | Noticed an orc warlord
 19577 | Orc:1    | Killed an orc warlord
 20277 | Orc:2    | Entered Level 2 of the Orcish Mines
 20277 | Orc:2    | Found Xappuf's Distillery.
 20299 | Orc:2    | Bought a potion of lignification for 39 gold pieces
 20299 | Orc:2    | Bought a potion of curing for 39 gold pieces
 20299 | Orc:2    | Bought a potion of curing for 39 gold pieces
 20299 | Orc:2    | Bought a potion of curing for 39 gold pieces
 20335 | Orc:2    | Found Ibaotu's Antique Armour Shoppe.
 20407 | Orc:2    | Gained mutation: A meltable icy envelope protects you from
                  | harm. (AC +8) [demonic ancestry]
 20407 | Orc:2    | Reached XP level 15. HP: 70/115 MP: 23/23
 20424 | Orc:1    | Found a shimmering altar of Xom.
 20445 | Orc:2    | Received a gift from Okawaru
 20895 | Orc:2    | Reached skill level 10 in Fighting
 21226 | Orc:2    | Found Foiklaq's Armour Shoppe.
 21284 | Orc:2    | Found Jepsisez's Jewellery Emporium.
 21316 | Orc:2    | Found a roughly hewn altar of Beogh.
 21334 | Orc:2    | Found Puttun's General Store.
 21342 | Orc:2    | Bought a potion of resistance for 120 gold pieces
 21342 | Orc:2    | Bought a scroll of identify for 24 gold pieces
 21352 | Orc:2    | Found Viecroja's Assorted Antiques.
 21395 | Orc:2    | Bought a scroll of identify for 60 gold pieces
 21432 | Orc:2    | Found Reclykar's Distillery.
 21449 | Orc:2    | Bought a potion of brilliance for 48 gold pieces
 21449 | Orc:2    | Bought a potion of haste for 120 gold pieces
 21449 | Orc:2    | Bought a potion of curing for 36 gold pieces
 21449 | Orc:2    | Bought a potion of invisibility for 96 gold pieces
 21449 | Orc:2    | Bought a potion of enlightenment for 60 gold pieces
 21449 | Orc:2    | Bought a potion of invisibility for 96 gold pieces
 21623 | Orc:2    | Found a roughly hewn altar of Beogh.
 21686 | Orc:2    | Found a staircase to the Elven Halls.
 21879 | Orc:2    | Found Etegerph's Weapon Boutique.
 21922 | Orc:2    | Received a gift from Okawaru
 22057 | Orc:2    | Found Nydut's Antique Armour Shoppe.
 22114 | Orc:2    | Bought the ring of Wonder {rPois rC++ Str+6 Dex-2 Slay+2}
                  | for 757 gold pieces
 22308 | Snake:1  | Entered Level 1 of the Snake Pit
 22451 | Snake:1  | Found a runed translucent door.
 22496 | Snake:1  | Received a gift from Okawaru
 22677 | Snake:1  | Acquired the +2 cloak of Wuemaem {Rampage rCorr Int+4}
 22677 | Snake:1  | Received a gift from Okawaru
 22745 | Snake:1  | You fall into a shaft and drop 1 floor!
 22762 | Snake:2  | Identified the ring "Kairgh" {rPois EV+5 Str+2}
 23362 | Snake:1  | Received a gift from Okawaru
 23599 | Snake:1  | Found a radiant altar of Vehumet.
 23945 | Snake:2  | Noticed Roxanne
 24154 | Snake:2  | Identified the serpent talisman "Ikaivan" {Fly Dex+5}
 24154 | Snake:2  | Noticed Aizul
 24168 | Arena    | Entered the Arena
 24175 | Arena    | Killed Aizul
 24628 | Snake:2  | Gained mutation: You are completely covered in sharp
                  | spines. [demonic ancestry]
 24628 | Snake:2  | Reached XP level 16. HP: 124/124 MP: 24/24
 24851 | Snake:2  | Found the +10 Black Knight's barding {ponderous, rPois rN+}
 25278 | Snake:3  | Received a gift from Okawaru
 25694 | Snake:3  | Noticed Saint Roka
 25849 | Snake:3  | Killed Saint Roka
 25993 | Snake:3  | Acquired the +7 lajatang of Order {silver, rMut}
 25993 | Snake:3  | Received a gift from Okawaru
 25993 | Snake:3  | Found the +7 lajatang of Order {silver, rMut}
 26014 | Snake:3  | Received a gift from Okawaru
 26128 | Snake:3  | Identified a scroll of acquirement
 26129 | Snake:3  | Acquired a manual of Evocations
 26222 | Snake:3  | Reached skill level 1 in Staves
 26391 | Snake:4  | Entered Level 4 of the Snake Pit
 26876 | Snake:4  | Received a gift from Okawaru
 27108 | Snake:4  | Received a gift from Okawaru
 27337 | Snake:4  | Noticed Vashnia
 27529 | Snake:4  | Killed Vashnia
 27530 | Snake:4  | Reached skill level 15 in Axes
 27530 | Snake:4  | Reached XP level 17. HP: 78/131 MP: 25/25
 27949 | Snake:4  | Found an iron altar of Okawaru.
 27974 | Snake:4  | Received a gift from Okawaru
 27987 | Snake:4  | Got a serpentine rune of Zot
 28307 | Snake:4  | Found Tojo's Neck Hole.
 28600 | Lair:1   | Upgraded the game from 0.32-a0-520-g344ed53f66 to
                  | 0.32-a0-540-g866d13106e
 29226 | D:13     | Received a gift from Okawaru
 29569 | D:13     | Identified the +4 morningstar of Annihilation {heavy, rElec
                  | rN+ rCorr Dex-4}
 29575 | D:13     | Identified the +4 long sword "Irurel" {protect, Stlth+}
 29805 | D:14     | Found Hoynon's Magic Scroll Shop.
 29815 | D:14     | Bought a scroll of blinking for 142 gold pieces
 29910 | D:14     | Found Leoffir's General Store.
 29913 | D:14     | Bought a potion of heal wounds for 75 gold pieces
 29980 | D:14     | Found Kum Omytz's Weapon Shoppe.
 30044 | D:14     | Found Hoywkar's Weapon Boutique.
 30193 | D:14     | Found a radiant altar of Vehumet.
 30259 | D:14     | Found Cauddum's Magic Scroll Shop.
 30270 | D:14     | Bought 3 scrolls of enchant armour for 405 gold pieces
 30399 | D:14     | Found a gate to the Vaults.
 30414 | D:14     | Noticed Lodul
 30429 | D:14     | Killed Lodul
 30432 | D:14     | Received a gift from Okawaru
 30627 | D:15     | Entered Level 15 of the Dungeon
 30709 | D:15     | Reached skill level 15 in Evocations
 30759 | D:15     | Found a staircase to the Depths.
 30807 | D:15     | Acquired 1011 gold pieces
 30846 | D:15     | Reached skill level 5 in Staves
 30864 | D:15     | Reached skill level 10 in Shields
 31488 | Elf:1    | Entered Level 1 of the Elven Halls
 31529 | Elf:1    | Received a gift from Okawaru
 31625 | Elf:1    | Found a magical portal.
 31643 | Elf:1    | Gained mutation: You have hoof-like feet. [demonic
                  | ancestry]
 31643 | Elf:1    | Reached XP level 18. HP: 112/140 MP: 26/26
 31651 | WizLab   | Entered Iskenderun's Mystic Tower
 32045 | Elf:1    | Received a gift from Okawaru
 32679 | Elf:2    | Received a gift from Okawaru
 33007 | Elf:2    | Found a runed translucent gate.
 33008 | Elf:2    | Found a runed translucent gate.
 33009 | Elf:2    | Found a runed translucent gate.
 33163 | Elf:2    | Found Neillyl's Weapon Boutique.
 33192 | Elf:2    | Acquired the +7 broad axe of Zoefacaah {flame, rN+ SInv}
 33593 | Elf:2    | Reached skill level 1 in Long Blades
 33901 | Elf:2    | Reached skill level 1 in Spellcasting
 34290 | Elf:2    | Received a gift from Okawaru
 34389 | Elf:3    | Entered Level 3 of the Elven Halls
 34431 | Elf:3    | Found a runed translucent gate.
 34431 | Elf:3    | Noticed Fymemafa's ghost (adept DEHW)
 34432 | Elf:3    | Found Haqyjomep's Antique Weapon Emporium.
 34432 | Elf:3    | Found a runed translucent gate.
 34461 | Elf:3    | Found Xausec's Assorted Antiques.
 34467 | Elf:3    | Bought a scroll of revelation for 232 gold pieces
 34467 | Elf:3    | Bought a potion of curing for 93 gold pieces
 35148 | Elf:3    | Found a runed translucent gate.
 35182 | Elf:3    | Killed Fymemafa's ghost
 35259 | Elf:3    | Found Pyux's Weapon Emporium.
 35321 | Elf:3    | Found Ovuesotz's One-of-a-Kind Rings.
 35452 | Elf:3    | Noticed Louise
 35457 | Elf:3    | Killed Louise
 35466 | Elf:3    | Received a gift from Okawaru
 35475 | Elf:3    | Noticed a Brimstone Fiend
 35480 | Elf:3    | Identified the ring "Zier" {+Blink rPois rC+ Str+6}
 35498 | Elf:3    | Gained mutation: You have hooves in place of feet. [demonic
                  | ancestry]
 35498 | Elf:3    | Reached XP level 19. HP: 114/148 MP: 26/27
 35509 | Elf:3    | Reached skill level 5 in Throwing
 35519 | Elf:3    | Identified the +10 trident "Wiaf" {freeze, ^Fragile rN++
                  | Int-4 Stlth+}
 35791 | Abyss:3  | Cast into level 3 of the Abyss (a deep elf sorcerer)
 35967 | Abyss:3  | Received a gift from Okawaru
 36035 | Elf:3    | Escaped the Abyss
 36058 | Elf:3    | Identified the +1 war axe "Worm" {pain, Will+ Str+2 Dex+3}
 36064 | Elf:3    | Reached skill level 5 in Long Blades
 36075 | Elf:3    | Identified the +10 morningstar of Guile {freeze, rPois rC-
                  | rN+++ Dex-5}
 36075 | Elf:3    | Identified the ring "Ekuyshrovy" {Fire rElec rPois rN++
                  | Will-}
 36083 | Elf:3    | Identified the +0 mace of Cobwebs {drain, rElec rN+ Will+}
 36519 | Elf:3    | Identified the +6 battleaxe of Yvvoahea {drain, rC+ Str+2
                  | Dex+3}
 36564 | Elf:3    | Got Sif Muna's Elucidation of Points and Glamour
 36582 | Elf:3    | Got the Vellum of the Turbulent Fault
 36585 | Elf:3    | Got the Compendium of the Firefly
 36589 | Elf:3    | Identified the +1 scale mail of Servitude {Dex+3}
 37115 | Vaults:1 | Entered Level 1 of the Vaults
 37416 | Vaults:1 | Reached skill level 1 in Translocations
 37462 | Vaults:1 | Received a gift from Okawaru
 37466 | Vaults:1 | Reached skill level 1 in Summonings
 37695 | Vaults:1 | Reached skill level 5 in Stealth
 38364 | Vaults:2 | Noticed Mennas
 38488 | Vaults:2 | Received a gift from Okawaru
 38525 | Vaults:2 | Killed Mennas
 38922 | Vaults:2 | Noticed Norris
 39349 | Vaults:2 | Gained mutation: A meltable icy envelope protects you from
                  | harm. (AC +8) [demonic ancestry]
 39349 | Vaults:2 | Reached XP level 20. HP: 156/156 MP: 28/28
 39365 | Vaults:2 | Killed Norris
 39401 | Vaults:2 | Received a gift from Okawaru
 39926 | Arena    | Entered the Arena
 40619 | Vaults:2 | Received a gift from Okawaru
 40658 | Vaults:2 | Reached skill level 5 in Summonings
 40824 | Vaults:2 | Reached skill level 5 in Spellcasting
 41002 | Vaults:2 | Found Quyts's Weapon Shop.
 41254 | Vaults:2 | Found Zar Mizu's Armour Shop.
 41330 | Vaults:2 | Received a gift from Okawaru
 41582 | Vaults:2 | Found a staircase to the Crypt.
 42220 | Vaults:3 | Found a crumbling gateway.
 42245 | Desolati | Entered the Desolation of Salt
 42424 | Desolati | Reached skill level 5 in Translocations
 42649 | Desolati | Identified the amulet of Akezumpa {Will++ Regen+ MP-9 Dex+2
                  | Slay+3}
 42678 | Desolati | Got the Codex of the Wyrd
 42771 | Desolati | Received a gift from Okawaru
 42981 | Desolati | Got the Discursus on the Crater and Glamour
 43002 | Desolati | Identified the ring of Jealousy {rF+ Will+}
 43006 | Desolati | Identified the +2 ring mail of Alalyson {rElec Will+++
                  | Str-3 Int+3}
 43355 | Desolati | Identified the ring "Guaploj" {Fire Int+2 SInv}
 43699 | Vaults:3 | Gained mutation: Your hexes are more powerful. [demonic
                  | ancestry]
 43699 | Vaults:3 | Reached XP level 21. HP: 135/163 MP: 29/29
 43821 | Vaults:3 | Received a gift from Okawaru
 44026 | Vaults:3 | Found Guzouwaq's Book Emporium.
 44037 | Vaults:3 | Bought a book of the Warp for 714 gold pieces
 44037 | Vaults:3 | Bought a manual of Fighting for 1360 gold pieces
 44386 | Vaults:3 | Reached skill level 1 in Hexes
 44955 | Vaults:4 | Noticed a golden dragon
 45293 | Vaults:4 | Received a gift from Okawaru
 45684 | Vaults:4 | Received a gift from Okawaru
 46667 | Shoals:1 | Entered Level 1 of the Shoals
 46860 | Depths:1 | Entered Level 1 of the Depths
 46862 | Depths:1 | Noticed Mara
 47219 | Depths:1 | Noticed Malificent's illusion
 47249 | D:15     | Killed Mara
 47892 | Depths:1 | Received a gift from Okawaru
 48425 | Depths:1 | Found Ujeddes's Jewellery Emporium.
 50146 | Shoals:2 | Reached XP level 22. HP: 174/174 MP: 32/32
 50310 | Shoals:2 | Found a runed translucent gate.
 50311 | Shoals:2 | Found a runed translucent gate.
 50312 | Shoals:2 | Found a runed translucent gate.
 50812 | Shoals:2 | You fall into a shaft and drop 1 floor!
 50879 | Shoals:3 | Reached skill level 15 in Fighting
 50907 | Shoals:3 | Found a glacial archway.
 50933 | IceCv    | Entered an ice cave
 51544 | IceCv    | Received a gift from Okawaru
 52534 | Shoals:4 | Entered Level 4 of the Shoals
 53206 | Shoals:4 | Got a barnacled rune of Zot
 53300 | Shoals:4 | Received a gift from Okawaru
 53927 | Shoals:4 | Found the brooch of Shielding {Spirit SH+8}
 54028 | Shoals:4 | Identified the +8 great sword "Tormentor" {freeze, rPois
                  | Str+2 Dex-3}
 54262 | Shoals:4 | Found the +15 Maxwell's patent armour {-Cast -Tele rElec
                  | Will+ rCorr}
 54722 | Crypt:1  | Entered Level 1 of the Crypt
 54811 | Crypt:1  | Reached skill level 10 in Staves
 54990 | Crypt:1  | Received a gift from Okawaru
 55659 | Crypt:1  | Gained mutation: You are completely covered in molten
                  | scales. (AC +4, rF+) [demonic ancestry]
 55659 | Crypt:1  | Reached XP level 23. HP: 185/185 MP: 34/34
 56049 | Crypt:2  | Noticed a dread lich
 56059 | Crypt:2  | Reached skill level 5 in Hexes
 56074 | Crypt:2  | Killed a dread lich
 56081 | Crypt:2  | Reached skill level 10 in Summonings
 56499 | Crypt:2  | Received a gift from Okawaru
 56876 | Crypt:3  | Entered Level 3 of the Crypt
 57945 | Crypt:3  | Paralysed by a sphinx for 2 turns
 58230 | Crypt:3  | Identified the +4 long sword of the Hierophant {holy,
                  | ^Drain rN+ Str+6 Dex+4}
 58332 | Crypt:3  | Found a staircase to the Tomb.
 58332 | Crypt:3  | Noticed Sojobo
 58487 | Crypt:3  | Paralysed by an air elemental for 1 turns
 58492 | Crypt:3  | Paralysed by an air elemental for 1 turns
 58495 | Crypt:3  | Paralysed by an air elemental for 1 turns
 58497 | Crypt:3  | Paralysed by an air elemental for 1 turns
 58502 | Crypt:3  | Paralysed by an air elemental for 1 turns
 58508 | Crypt:3  | Paralysed by an air elemental for 1 turns
 58511 | Crypt:3  | Paralysed by an air elemental for 1 turns
 58789 | Crypt:3  | Paralysed by an air elemental for 1 turns
 58797 | Crypt:3  | Killed Sojobo
 58856 | Crypt:3  | Acquired a manual of Armour
 58987 | Crypt:3  | Received a gift from Okawaru
 59015 | Crypt:3  | Reached skill level 10 in Translocations
 59795 | Crypt:3  | Found an ancient bone altar of Kikubaaqudgha.
 59797 | Crypt:3  | Noticed a dread lich
 59818 | Crypt:3  | Killed a dread lich
 60059 | Crypt:3  | Noticed an ancient lich
 60068 | Crypt:3  | Killed an ancient lich
 60314 | Crypt:3  | Noticed an ancient lich
 60332 | Crypt:3  | Killed an ancient lich
 61291 | Depths:2 | Reached skill level 15 in Shields
 61295 | Depths:2 | Received a gift from Okawaru
 61318 | Depths:2 | Noticed a juggernaut
 61338 | Depths:2 | Killed a juggernaut
 61550 | Depths:2 | Noticed a juggernaut
 61567 | Depths:2 | Killed a juggernaut
 61747 | Depths:2 | Noticed a juggernaut
 61767 | Depths:2 | Killed a juggernaut
 61787 | Depths:2 | Reached XP level 24. HP: 192/197 MP: 12/35
 61805 | Depths:2 | Received a gift from Okawaru
 62401 | Depths:2 | Learned a level 3 spell: Teleport Other
 62406 | Depths:2 | Learned a level 4 spell: Manifold Assault
 62903 | Depths:2 | Found a hazy altar of Hepliaklqana.
 63411 | Depths:2 | Found a one-way gate leading to the halls of Pandemonium.
 64124 | Depths:2 | Found a one-way gate to the infinite horrors of the Abyss.
 64381 | Depths:3 | Received a gift from Okawaru
 64385 | Depths:3 | Noticed the Enchantress
 65491 | Depths:2 | Received a gift from Okawaru
 66227 | Depths:3 | Noticed a juggernaut
 66244 | Depths:3 | Killed a juggernaut
 66365 | Depths:3 | Identified the ring of Lis Cony {AC+4 Slay+5}
 66403 | Depths:3 | Reached skill level 15 in Invocations
 66597 | Depths:3 | Identified the orb of the Stopping Gods {*channel, Int+4
                  | Dex-3}
 66597 | Depths:3 | Noticed Frederick
 66609 | Arena    | Entered the Arena
 66614 | Arena    | Killed Frederick
 67262 | Depths:4 | Entered Level 4 of the Depths
 67285 | Depths:3 | Killed the Enchantress
 67307 | Depths:3 | Found a one-way gateway to a ziggurat.
 67309 | Depths:3 | You fall into a shaft and drop 1 floor!
 67329 | Depths:4 | Noticed a juggernaut
 67564 | Depths:3 | Killed a juggernaut
 68373 | Depths:3 | Identified the staff of the Eye-covered God {^Drain rElec
                  | rF+ Will+ Str+3 Fire}
 68375 | Depths:3 | Identified the +2 longbow of Beogh's Envy {speed, *Slow
                  | Int+5 Dex+3}
 69043 | Depths:4 | Found an iron altar of Okawaru.
 69052 | Depths:4 | Received a gift from Okawaru
 69071 | Depths:4 | Gained mutation: Your melee attacks may debilitate your
                  | foes. [demonic ancestry]
 69071 | Depths:4 | Reached XP level 25. HP: 156/206 MP: 36/36
 69368 | Depths:4 | Found a gate to the Realm of Zot.
 69686 | Depths:4 | Learned a level 4 spell: Cause Fear
 70113 | Hell     | Entered the Vestibule of Hell
 70113 | Hell     | Noticed Geryon
 70172 | Hell     | Killed Geryon
 70962 | Tomb:1   | Entered Level 1 of the Tomb of the Ancients
 71234 | Vaults:5 | Entered Level 5 of the Vaults
 71356 | Vaults:5 | Found Pusig's General Store.
 71651 | Vaults:5 | Received a gift from Okawaru
 71654 | Vaults:5 | Noticed a dread lich
 71660 | Vaults:5 | Found Eveclace's Book Boutique.
 71696 | Vaults:5 | Noticed a dread lich
 71719 | Vaults:5 | Identified the +6 rapier "Hiax" {pain, rPois rF+ Will++
                  | Dex-3}
 71722 | Vaults:5 | Found Kaogopt's Distillery.
 71722 | Vaults:5 | Found Anlugrik's Distillery.
 71722 | Vaults:5 | Noticed an ancient lich
 71743 | Vaults:5 | Killed an ancient lich
 71749 | Vaults:5 | Killed a dread lich
 72003 | Vaults:5 | Received a gift from Okawaru
 72183 | Vaults:5 | Bought a potion of curing for 51 gold pieces
 72183 | Vaults:5 | Bought a potion of heal wounds for 85 gold pieces
 72183 | Vaults:5 | Bought a potion of invisibility for 136 gold pieces
 72183 | Vaults:5 | Bought a potion of haste for 170 gold pieces
 72183 | Vaults:5 | Bought a potion of ambrosia for 136 gold pieces
 72183 | Vaults:5 | Bought a potion of enlightenment for 85 gold pieces
 72183 | Vaults:5 | Bought a potion of heal wounds for 85 gold pieces
 72183 | Vaults:5 | Bought a potion of haste for 170 gold pieces
 72183 | Vaults:5 | Bought a potion of enlightenment for 85 gold pieces
 72203 | Vaults:5 | Bought a potion of might for 84 gold pieces
 72203 | Vaults:5 | Bought a potion of curing for 63 gold pieces
 72203 | Vaults:5 | Bought a potion of enlightenment for 105 gold pieces
 72270 | Vaults:5 | Identified the ring "Gyomustru" {rN+ Int+6 Dex+6}
 72311 | Vaults:5 | Found Exeapoco's Distillery.
 72325 | Vaults:5 | Bought a potion of might for 56 gold pieces
 72325 | Vaults:5 | Bought a potion of heal wounds for 70 gold pieces
 72325 | Vaults:5 | Bought a potion of curing for 42 gold pieces
 72325 | Vaults:5 | Bought a potion of heal wounds for 70 gold pieces
 72325 | Vaults:5 | Bought 2 potions of curing for 84 gold pieces
 72325 | Vaults:5 | Bought a potion of enlightenment for 70 gold pieces
 72325 | Vaults:5 | Bought a potion of heal wounds for 70 gold pieces
 72580 | Vaults:5 | Reached skill level 10 in Spellcasting
 72598 | Vaults:5 | Identified the orb of Foolhardiness {guile, Harm rF+ Air}
 72759 | Vaults:5 | Found Mehuqeonk's Jewellery Emporium.
 72775 | Vaults:5 | Found Xiwuogul's Magic Scroll Shop.
 72783 | Vaults:5 | Bought a scroll of enchant armour for 135 gold pieces
 72783 | Vaults:5 | Bought a scroll of revelation for 135 gold pieces
 72783 | Vaults:5 | Bought a scroll of teleportation for 54 gold pieces
 72783 | Vaults:5 | Bought a scroll of revelation for 135 gold pieces
 72809 | Vaults:5 | Killed a dread lich
 72837 | Vaults:5 | Found Iwir's Jewellery Shop.
 72841 | Vaults:5 | Got a silver rune of Zot
 73377 | Zot:1    | Entered Level 1 of the Realm of Zot
 73426 | Zot:1    | Gained mutation: You are surrounded by an aura of silence.
                  | [demonic ancestry]
 73426 | Zot:1    | Reached XP level 26. HP: 182/217 MP: 37/37
 74984 | Zot:1    | Received a gift from Okawaru
 75338 | Zot:1    | Upgraded the game from 0.32-a0-540-g866d13106e to
                  | 0.32-a0-558-g233958a4c4
 76006 | Zot:1    | Upgraded the game from 0.32-a0-558-g233958a4c4 to
                  | 0.32-a0-560-g4c7f4391e0
 76726 | Zot:2    | Received a gift from Okawaru
 77060 | Zot:2    | Reached skill level 10 in Dodging
 78510 | Zot:3    | Identified the +2 cloak of Joifeog {+Blink rPois rCorr}
 78764 | Zot:3    | Reached skill level 15 in Armour
 78915 | Zot:3    | Received a gift from Okawaru
 79397 | Zot:3    | Upgraded the game from 0.32-a0-560-g4c7f4391e0 to
                  | 0.32-a0-571-gec57dfcd37
 79749 | Zot:4    | Noticed an orb of fire
 79749 | Zot:4    | Gained mutation: You occasionally lose the ability to read
                  | scrolls when taking damage. [an orb of fire]
 79855 | Zot:4    | Gained mutation: Your health recovers twice as slowly from
                  | being drained. [an orb of fire]
 79864 | Zot:4    | Killed an orb of fire
 81112 | Zot:4    | Reached XP level 27. HP: 222/226 MP: 37/37
 81199 | Zot:4    | Identified the +8 arbalest "Aduom" {flame, Int+5}
 81244 | Zot:4    | Received a gift from Okawaru
 81682 | Zot:5    | Entered Level 5 of the Realm of Zot
 81910 | Zot:5    | Noticed a dread lich
 82540 | Hell     | Found a gateway to the Iron City of Dis.
 82634 | Hell     | Found a gateway to the ashen valley of Gehenna.
 82760 | Hell     | Found a gateway to the decaying netherworld of Tartarus.
 82764 | Hell     | Received a gift from Okawaru
 82858 | Hell     | Found a gateway to the freezing wastes of Cocytus.
 84007 | Zot:5    | Noticed a dread lich
 84007 | Zot:5    | Noticed a dread lich
 84007 | Zot:5    | Noticed an orb of fire
 84013 | Zot:5    | Noticed a dread lich
 84015 | Zot:5    | Noticed a dread lich
 84017 | Zot:5    | Noticed a dread lich
 84017 | Zot:5    | Noticed a dread lich
 84019 | Zot:5    | Noticed an orb of fire
 84020 | Zot:5    | Gained mutation: You sometimes lose your temper in combat.
                  | [an orb of fire]
 84033 | Zot:5    | Noticed an orb of fire
 84033 | Zot:5    | Noticed a dread lich
 84036 | Zot:5    | Noticed an orb of fire
 84075 | Zot:5    | Gained mutation: You occasionally lose the ability to drink
                  | potions when taking damage. [an orb of fire]
 84079 | Zot:5    | Gained mutation: You sometimes lose the ability to read
                  | scrolls when taking damage. [an orb of fire]
 84081 | Zot:5    | Gained mutation: You have hidden genetic defects. [an orb
                  | of fire]
 84469 | Zot:5    | Gained mutation: Your body sometimes deteriorates upon
                  | taking damage. [an orb of fire]
 84479 | Zot:5    | Gained mutation: Your body often deteriorates upon taking
                  | damage. [an orb of fire]
 84483 | Zot:5    | Gained mutation: You are clumsy. (Dex -2) [an orb of fire]
 84494 | Zot:5    | Killed an orb of fire
 84679 | Zot:5    | Killed a dread lich
 84781 | Zot:5    | Killed a dread lich
 84889 | Zot:5    | Killed a dread lich
 84908 | Zot:5    | Killed a dread lich
 84967 | Zot:5    | Gained mutation: You are frail. (-10% HP) [an orb of fire]
 84974 | Zot:5    | Killed an orb of fire
 84974 | Zot:5    | Received a gift from Okawaru
 85256 | Zot:5    | Gained mutation: Armour fits poorly on your strangely
                  | shaped body. [a cacodemon]
 85264 | Zot:5    | Killed a dread lich
 85280 | Zot:5    | Gained mutation: You occasionally shout uncontrollably at
                  | your foes. [an orb of fire]
 85285 | Zot:5    | Killed an orb of fire
 85287 | Zot:5    | Gained mutation: You are very frail. (-20% HP) [hidden
                  | defects]
 86046 | Zot:5    | Killed a dread lich
 86130 | Zot:5    | Received a gift from Okawaru
 86217 | Zot:5    | Got the Orb of Zot
 86310 | Zot:5    | Gained mutation: Your spells are a little easier to cast,
                  | but a little less powerful. [hidden defects]
 86310 | Zot:5    | Lost mutation: You have hidden genetic defects. [hidden
                  | defects expressed]
 86337 | Zot:4    | Noticed Dokoxah the pandemonium lord
 86434 | Zot:1    | HP: 6/182 [Hell Sentinel (illusionary)/damnation (30)]
 86589 | Depths:1 | Noticed Ihycoi the pandemonium lord
 86867 | D:2      | Found a hide-covered altar of Uskayaw.
 86908 | D:2      | Noticed Jeutreot the pandemonium lord
 87089 | D:$      | Escaped with the Orb!

Illustrated notes

Levels and vault maps discovered:
D:1:      mrwooster_arrival_statue_2, layout_rooms
D:2:      layout_basic, basic_altar
D:3:      layout_loops_ring, uniq_robin, uniq_jessica, uniq_terence
D:4:      layout_loops_ring, nicolae_tso_carved_into_rock,
          nicolae_overflow_crystal_walls, dk_vineyard_3
D:5:      layout_basic, mainiacjoe_overflow_boulevard, lemuel_round_altar,
          mainiacjoe_overflow_brackets, minmay_bent
D:6:      layout_cave_pods, temple_pool_b, uniq_jeremiah
D:7:      layout_basic, kennysheep_little_box, enter_bailey_5
D:8:      layout_layer_cave, serial_shops, shop, minivault_1,
          nicolae_lava_and_water
D:9:      layout_cave_pools, orc_0_dummy, serial_bayou_pond_b,
          nicolae_the_louvre, uniq_harold
D:10:     layout_rooms, uniq_josephine, uniq_joseph, uniq_maggie
D:11:     layout_stronghold, david_lair_shrubbed
D:12:     layout_roguey, grunt_decor_resistance
D:13:     lemuel_ice_spiral_2, layout_rooms
D:14:     layout_basic, erik_vaults_1, vehumet_crystals, serial_shops, shop,
          shop, shop_scrolls, shop, kennysheep_mini, uniq_lodul
D:15:     grunt_enter_depths_magical_seal, layout_irregular_city,
          chequers_serial_rivers_micro_a
Temple:   lightli_temple_of_artemis
Lair:1:   layout_loops_ring, uniq_grum
Lair:2:   layout_concentric_octagons, nicolae_shoals_entry_roost,
          nicolae_snake_entry_squirm, kennysheep_rathole, serial_bayou_shore_a
Lair:3:   layout_gridlike, gauntlet_entry_generic, beast_lair_carwin_1,
          infiniplex_staircase_pool_2, uniq_gastronok
Lair:4:   layout_roguey, grunt_megastairs_4
Lair:5:   evil_forest, layout_cellular_growth, slime_entry_2, grunt_megastairs_3
Shoals:1: layout_shoals, nicolae_shoals_water_elemental_grotto
Shoals:2: layout_shoals, nicolae_shoals_beach_cooler
Shoals:3: layout_shoals, portal_ice_cave_entry_frozen_things,
          nicolae_shoals_goliath_grotto
Shoals:4: shoals_end_grunt_ice, layout_shoals
Snake:1:  cheibrodos_toxic_ritual, layout_grid_shapes, basic_altar,
          nicolae_snake_mages_go_home
Snake:2:  layout_basic, serial_library_hellmonk_junction, uniq_aizul,
          uniq_roxanne
Snake:3:  layout_basic, uniq_saint_roka
Snake:4:  grunt_snake_rune_serpentine_throne, layout_cave_town,
          nicolae_shop_sticking_my_neck_out
Orc:1:    layout_diamond_mine, basic_altar
Orc:2:    st_orc_town, layout_caves, serial_shops, nicolae_lakefront_shop,
          nicolae_shop_industrial_runoff, nicolae_shop_statue_plus, shop,
          shop_fountains, mines1_david
Elf:1:    nicolae_elf_arrival_fired_up, layout_loops_corners, mu_enter_wizlab_6,
          nicolae_elf_blasts_and_bolts
Elf:2:    nicolae_elf_blades_splatter_lattice [mumra_blade_entry_bloodbath],
          layout_loops_corners, serial_shops, nicolae_square_shop,
          chequers_hall_statues_corner_a
Elf:3:    minmay_elf_hall_furrowed, layout_geoelf_octagon, serial_shops,
          nicolae_shop_waterfront, nicolae_shop_crystal,
          nicolae_shop_rolling_square, gammafunk_ghost_split,
          nicolae_shop_unique_rings, uniq_louise
Vaults:1: vaults_standard_mumra_enter_the_diamond, nicolae_vaults_house_2,
          nicolae_vaults_storage_closets_2,
          vaults_standard_mumra_enter_the_diamond,
          nicolae_vaults_closet_pinwheel_6, v_misc_16,
          nicolae_vaults_angled_halls, nicolae_vaults_trapezoid_layered,
          hangedman_vaults_nails, hangedman_vaults_river_flow,
          grunt_vaults_hallway_long, nicolae_vaults_stand_back,
          ontoclasm_vaults_hangar, nicolae_vaults_little_squares_6,
          layout_vaults_ring
Vaults:2: nicolae_vaults_security_offices_5, v_misc_33, blue_anna_dwarven_crypt,
          hangedman_vaults_stitches, nicolae_vaults_ring_of_whatevers,
          dpeg_vaults_monster_box, nicolae_vaults_taking_the_gang_shopping,
          v_misc_24, v_misc_2, v_misc_3, nicolae_vaults_apartment_1,
          nicolae_vaults_apartment_1, nicolae_vaults_variable_pillar_hall,
          layout_vaults_omnicross, serial_shops, shop, uniq_mennas, uniq_norris
Vaults:3: portal_desolation_entry_salt, vaults_room_pool, vaults_mumra_hexcomb,
          v_misc_22, nicolae_vaults_closet_pinwheel_1, hangedman_vaults_cutoff,
          nicolae_vaults_swerve, vaults_room_ringed_pool,
          nicolae_vaults_diamond_2, nicolae_vaults_closet_pinwheel_5,
          grunt_vaults_diagonal, vaults_room_fancy_cross,
          nicolae_vaults_trapezoid_lopsided_1,
          nicolae_vaults_shipping_containers_5, vaults_dpeg_emergency_exit,
          lightli_orcish_oven, layout_vaults_omnibox, serial_shops,
          shop_fountains, uniq_margery
Vaults:4: v_misc_31, nicolae_vaults_more_shelving_2, v_misc_12,
          lemuel_angel_altar, nicolae_vaults_wrenched,
          nicolae_vaults_tetromino_L_1, v_misc_22,
          nicolae_vaults_little_squares_6, nicolae_vaults_specimen_jars,
          v_misc_5, layout_vaults_chaotic_city
Vaults:5
Crypt:1:  layout_catacombs
Crypt:2:  layout_gridlike
Crypt:3:  quadcrypt_mu, uniq_sojobo
Tomb:1
Depths:1: layout_cave_shapes, kennysheep_crisscross, hell_entry,
          minmay_shop_enchanted_jewellery, kennysheep_minor_cross, minivault_14,
          minivault_16, nicolae_elyvilon_peaceful_grove, serial_bayou_shore_b,
          nicolae_triple_integral, uniq_mara
Depths:2: lemuel_castle_with_subvaults [lemuel_castle_interior_carwin_3],
          layout_gridlike, hangedman_coc_ice_floe, abyss_entry_crystal,
          grunt_pan_entry_sceptre, nicolae_hepliaklqana_monster_ancestors,
          grunt_megastairs_2, minmay_staircase_bubble
Depths:3: minmay_nine_rooms, layout_cave_pools, enter_ziggurat_f, abyss_entry,
          lightli_too_deep, minmay_staircase_statues, uniq_enchantress,
          uniq_frederick
Depths:4: evilmike_zot_entry_hall, layout_cave_pools,
          hangedman_abyss_or_decor_lesser_grid, hell_entry,
          kennysheep_okawaru_gauntlet
Hell
Zot:1:    layout_gridlike, hangedman_zot_gyre, amethyst_zot_foddershock
Zot:2:    layout_onion_interference, hangedman_zot_diagonal_lockstep, drop_trap
Zot:3:    layout_misc_corridors, grunt_ministairs_2,
          regret_index_zotdec_tunneler
Zot:4:    layout_twisted_circle, regret_index_zotdec_glowing_original
Zot:5:    layout_misc_corridors, regret_index_zotdec_carving_tricks,
          bh_zot_ikea_curve

Skill      XL: |  1  2  3  4  5  6  7  8  9 10 11 12 13 14 15 16 17 18 19 20 21 22 23 24 25 26 27 |
---------------+----------------------------------------------------------------------------------+-----
Axes           | 4 5 6 7 8 10 12 13 15 16 17 | 17.6
Short Blades   | 3 |  3.0
Fighting       | 1 2 3 6 7 8 9 10 11 12 13 14 16 18 19 20 21 | 21.1
Armour         | 2 3 4 5 7 8 9 10 11 12 13 14 15 16 | 16.2
Maces & Flails | 1 |  1.0
Evocations     | 1 2 4 6 7 8 9 10 11 12 13 15 16 17 18 19 20 | 20.8
Dodging        | 2 3 4 5 6 7 8 9 10 | 10.7
Stealth        | 2 3 4 5 7 8 9 |  9.5
Throwing       | 1 3 4 6 7 8 |  8.8
Invocations    | 1 7 8 9 11 12 13 14 15 16 17 | 17.8
Polearms       | 1 3 5 |  5.6
Shields        | 2 3 4 5 7 8 10 11 12 13 14 15 16 18 19 21 | 21.0
Staves         | 3 5 6 7 8 9 10 11 12 13 | 13.1
Long Blades    | 3 5 6 |  6.8
Spellcasting   | 2 4 5 6 7 8 9 10 | 10.2
Translocations | 3 6 7 9 10 11 12 13 14 | 14.0
Summonings     | 3 6 8 9 10 | 10.3
Hexes          | 3 4 6 7 8 |  8.8

Action                     |  1- 3 |  4- 6 |  7- 9 | 10-12 | 13-15 | 16-18 | 19-21 | 22-24 | 25-27 || total
---------------------------+-------+-------+-------+-------+-------+-------+-------+-------+-------++-------
  Melee: War axe           |    53 |    53 |    62 |       |       |       |       |       |       ||   168
         Club              |       |    22 |       |       |       |       |       |       |       ||    22
         Hand axe          |       |    23 |       |       |       |       |       |       |       ||    23
         Trident           |       |       |    50 |   300 |   118 |       |       |       |       ||   468
         Kick              |       |       |       |    89 |       |       |   704 |  1081 |  1176 ||  3050
         Broad axe         |       |       |       |   250 |   924 |  1263 |  1514 |  2132 |  2070 ||  8153
         Morningstar       |       |       |       |       |       |     3 |       |       |       ||     3
  Throw: Dart              |     3 |     3 |     7 |     3 |       |    10 |     7 |     1 |     2 ||    36
         Javelin           |       |       |       |       |    17 |     6 |       |    15 |     8 ||    46
 Invoke: Heroism           |       |       |       |     1 |     9 |     2 |    12 |     7 |     5 ||    36
         Finesse           |       |       |       |       |     2 |       |     3 |     3 |     4 ||    12
         Duel              |       |       |       |       |     2 |       |     1 |     1 |       ||     4
         Receive Armour    |       |       |       |       |     1 |       |       |       |       ||     1
         Receive Weapon    |       |       |       |       |       |     1 |       |       |       ||     1
  Evoke: Wand              |       |       |     6 |    23 |    17 |    14 |    11 |    12 |    23 ||   106
         Phial of floods   |       |       |       |       |     5 |     2 |     2 |       |       ||     9
         Lightning rod     |       |       |       |       |       |    10 |    10 |     7 |       ||    27
    Use: Potion            |     1 |       |     4 |     3 |    16 |     6 |    19 |     8 |    36 ||    93
         Scroll            |       |     8 |     8 |    14 |     9 |    13 |     6 |    12 |    14 ||    84
   Stab: Paralysed         |       |       |     5 |     5 |       |     9 |       |       |       ||    19
         Sleeping          |       |       |     2 |       |       |     3 |    12 |    12 |    11 ||    40
         Invisible         |       |       |       |       |     2 |       |    15 |       |     5 ||    22
         Distracted        |       |       |       |       |       |     2 |     1 |     3 |    10 ||    16
         Held in net/web   |       |       |       |       |       |       |       |     1 |       ||     1
 Armour: Ring mail         |    58 |    81 |    52 |       |       |       |       |       |       ||   191
         Steam dragon scal |       |       |    57 |       |       |       |       |       |       ||    57
         Crystal plate arm |       |       |       |   648 |       |       |       |       |       ||   648
         Pearl dragon scal |       |       |       |     3 |   655 |   488 |   785 |   735 |       ||  2666
         Quicksilver drago |       |       |       |       |       |       |       |   210 |  1049 ||  1259
  Dodge: Dodged            |    25 |    49 |    82 |    84 |   393 |   171 |   352 |   458 |   619 ||  2233
         Repelled          |     1 |       |     1 |    19 |    54 |    14 |       |       |       ||    89
  Block: Other             |       |       |    20 |   133 |       |       |       |       |       ||   153
         Reflection        |       |       |       |     2 |    46 |   175 |   113 |   162 |    59 ||   557
         Buckler           |       |       |       |    68 |   796 |       |       |       |       ||   864
         Kite shield       |       |       |       |       |    42 |   103 |       |       |       ||   145
         Tower shield      |       |       |       |       |       |  1401 |  2268 |  3140 |  3355 || 10164

Table legend: (Time is in decaauts)
 A = Elapsed time spent in this place.
 B = Non-inter-level travel time spent in this place.
 C = Inter-level travel time spent in this place.
 D = Time resting spent in this place.
 E = Time spent auto-exploring this place.
 F = Levels seen in this place.
 G = Mean time per level.
                   A        B        C        D        E       F      G
               +--------+--------+--------+--------+--------+-----+--------+
         Total |  86534 |  76009 |  10525 |  27164 |  21110 |  64 | 1352.1 |
       Dungeon |  18279 |  14208 |   4071 |   3933 |   6738 |  15 | 1218.6 |
        Temple |     38 |     25 |     13 |      0 |      0 |   1 |   38.0 |
          Lair |   7815 |   6659 |   1156 |   1756 |   2708 |   5 | 1563.0 |
        Shoals |   4161 |   4041 |    120 |   1085 |   1285 |   4 | 1040.2 |
     Snake Pit |   6139 |   5943 |    196 |   2444 |   1418 |   4 | 1534.8 |
  Orcish Mines |   2823 |   2302 |    521 |    734 |    510 |   2 | 1411.5 |
   Elven Halls |   4918 |   4313 |    605 |   1342 |   1292 |   3 | 1639.3 |
        Vaults |  10058 |   8989 |   1069 |   3169 |   2280 |   5 | 2011.6 |
         Crypt |   6010 |   5578 |    432 |   2232 |   1260 |   3 | 2003.3 |
          Tomb |      1 |      0 |      1 |      0 |      0 |   1 |    1.0 |
        Depths |  10533 |   8845 |   1688 |   3526 |   1768 |   4 | 2633.2 |
          Hell |    559 |    525 |     34 |    110 |     13 |   1 |  559.0 |
           Zot |  10812 |  10200 |    612 |   4916 |   1512 |   5 | 2162.4 |
         Abyss |    288 |    288 |      0 |     59 |      0 |   2 |  144.0 |
        Bailey |    989 |    989 |      0 |    741 |      0 |   1 |  989.0 |
      Ice Cave |    931 |    931 |      0 |    279 |    291 |   1 |  931.0 |
        Wizlab |     25 |     25 |      0 |     21 |      0 |   1 |   25.0 |
    Desolation |   1323 |   1323 |      0 |    385 |      0 |   1 | 1323.0 |
      Gauntlet |    731 |    731 |      0 |    382 |     33 |   1 |  731.0 |
         Arena |     95 |     95 |      0 |     46 |      0 |   4 |   23.8 |
               +--------+--------+--------+--------+--------+-----+--------+

Top non-repeatable levels by time:
Depths:2: 4588 daAuts
 Crypt:3: 3832 daAuts
Vaults:1: 3235 daAuts
   Zot:4: 3085 daAuts
   Zot:1: 2636 daAuts
Depths:1: 2515 daAuts
    D:11: 2331 daAuts
  Lair:5: 2191 daAuts
Depths:3: 2165 daAuts
Vaults:2: 2145 daAuts
    D:15: 1947 daAuts
   Elf:2: 1849 daAuts
   Zot:5: 1795 daAuts
   Orc:2: 1783 daAuts
 Snake:2: 1779 daAuts
